IL
IOWA CUBS @ LAS VEGAS 51S
09/02/2047
 
TOP OF THE 1ST
Iowa Cubs batting - Pitching for Las Vegas 51s : LHP Zachary DeVault
Pitching: LHP Zachary DeVault
Batting: SHB Seung-ho Zhang 0-0: Ball
1-0: Ball
2-0: Called Strike
2-1: Swinging Strike
2-2: Ground out 5-3 (Groundball, 56S, EV 88.8 MPH)
Batting: RHB Jose Balderrama 0-0: Swinging Strike
0-1: Ball
1-1: Foul Ball, location: 2F
1-2: Ball
2-2: Strikes out swinging
Batting: RHB Francisco Ramirez 0-0: Ball
1-0: Ball
2-0: Hit by Pitch
Batting: RHB Sam Sours 0-0: Foul Ball, location: 2F
0-1: Swinging Strike
0-2: Strikes out looking
Top of the 1st over - 0 runs, 0 hits, 0 errors, 1 left on base; Iowa 0 - Las Vegas 0
BOTTOM OF THE 1ST
Las Vegas 51s batting - Pitching for Iowa Cubs : RHP Nicolai Volnov
Pitching: RHP Nicolai Volnov
Batting: RHB Josh Jones 0-0: TRIPLE (Flyball, 9LD, EV 98.1 MPH)
Batting: LHB Jose Chavez 0-0: Called Strike
0-1: Called Strike
0-2: Ball
1-2: Strikes out swinging
Batting: LHB Bill Armijo 0-0: Called Strike
0-1: Foul Ball, location: 2F
0-2: Ball
1-2: Strikes out swinging
Batting: RHB Jordan Fairburn 0-0: Called Strike
0-1: Fly out, F8 (Flyball, 8RD, EV 96.2 MPH)
Bottom of the 1st over - 0 runs, 1 hit, 0 errors, 1 left on base; Iowa 0 - Las Vegas 0
TOP OF THE 2ND
Iowa Cubs batting - Pitching for Las Vegas 51s : LHP Zachary DeVault
Batting: RHB Ryan Walker 0-0: Called Strike
0-1: Ball
1-1: Swinging Strike
1-2: Foul Ball, location: 2F
1-2: Foul Ball, location: 2F
1-2: DOUBLE (Line Drive, 78D, EV 103.8 MPH)
Batting: LHB Barend van der Kamp 0-0: Ball
1-0: Foul Ball, location: 2F
1-1: Ball
2-1: Ball
3-1: Foul Ball, location: 2F
3-2: Strikes out looking
Batting: RHB Tony Mendez 0-0: Ball
1-0: Called Strike
1-1: Foul Ball, location: 2F
1-2: Fly out, F7 (Line Drive, 7S, EV 92.5 MPH)
Batting: RHB Rich Thurman 0-0: Ball
1-0: Called Strike
1-1: Ball
2-1: SINGLE (Flyball, 89S, EV 90.0 MPH)
Ryan Walker to third
Runner from 3rd tries for Home, SAFE, throw by RF to home
Batting: RHB Adam Kelliher 0-0: Foul Ball, location: 2F
0-1: Ball
1-1: Ball
Wild Pitch!
Rich Thurman to second
2-1: Ball
3-1: Ground out 5-3 (Groundball, 56, EV 105.6 MPH)
Top of the 2nd over - 1 run, 2 hits, 0 errors, 1 left on base; Iowa 1 - Las Vegas 0
BOTTOM OF THE 2ND
Las Vegas 51s batting - Pitching for Iowa Cubs : RHP Nicolai Volnov
Batting: RHB Ken Fitzpatrick 0-0: Ball
1-0: Called Strike
1-1: Called Strike
1-2: Foul Ball, location: 2F
1-2: Ground out 6-3 (Groundball, 6, EV 82.5 MPH)
Batting: RHB Alex Ramirez 0-0: Called Strike
0-1: Ball
1-1: Foul Ball, location: 2F
1-2: Ball
2-2: Strikes out swinging
Batting: SHB Nelson Powell 0-0: Foul Ball, location: 2F
0-1: Ball
1-1: Foul Ball, location: 2F
1-2: Strikes out swinging
Bottom of the 2nd over - 0 runs, 0 hits, 0 errors, 0 left on base; Iowa 1 - Las Vegas 0
TOP OF THE 3RD
Iowa Cubs batting - Pitching for Las Vegas 51s : LHP Zachary DeVault
Batting: SHB Seung-ho Zhang 0-0: Called Strike
0-1: Ground out 5-3 (Groundball, 56S, EV 71.9 MPH)
Batting: RHB Jose Balderrama 0-0: Ball
1-0: Ball
2-0: Called Strike
2-1: Ball
3-1: Swinging Strike
3-2: Foul Ball, location: 2F
3-2: Fly out, F6 (Popup, 6MS, EV 76.9 MPH)
Batting: RHB Francisco Ramirez 0-0: Ball
1-0: Ground out U3 (Groundball, 3, EV 105.0 MPH)
Top of the 3rd over - 0 runs, 0 hits, 0 errors, 0 left on base; Iowa 1 - Las Vegas 0
BOTTOM OF THE 3RD
Las Vegas 51s batting - Pitching for Iowa Cubs : RHP Nicolai Volnov
Batting: LHB Angel Sanchez 0-0: Foul Ball, location: 2F
0-1: SINGLE (Line Drive, 6M, EV 96.2 MPH)
Batting: RHB Alex Vasquez 0-0: Called Strike
0-1: Grounds into double play, 5-4-3 (Groundball, 5L, EV 88.8 MPH)
Batting: RHB Josh Jones 0-0: Ball
1-0: Called Strike
1-1: Ball
2-1: Ball
3-1: Base on Balls
Batting: LHB Jose Chavez 0-0: Called Strike
0-1: Called Strike
0-2: Strikes out swinging
Bottom of the 3rd over - 0 runs, 1 hit, 0 errors, 1 left on base; Iowa 1 - Las Vegas 0
TOP OF THE 4TH
Iowa Cubs batting - Pitching for Las Vegas 51s : LHP Zachary DeVault
Batting: RHB Sam Sours 0-0: Ball
1-0: Foul Ball, location: 2F
1-1: Swinging Strike
1-2: Ground out 5-3 (Groundball, 56S, EV 69.4 MPH)
Batting: RHB Ryan Walker 0-0: Called Strike
0-1: Ball
1-1: Ball
2-1: Ground out 5-3 (Groundball, 56, EV 99.4 MPH)
Batting: LHB Barend van der Kamp 0-0: Ball
1-0: Ball
2-0: SINGLE (Line Drive, 6M, EV 98.8 MPH)
Batting: RHB Tony Mendez 0-0: Ball
1-0: Ball
2-0: Foul Ball, location: 2F
2-1: Fielders Choice at 2nd, 6-4 (Groundball, 6, EV 83.8 MPH)
Top of the 4th over - 0 runs, 1 hit, 0 errors, 1 left on base; Iowa 1 - Las Vegas 0
BOTTOM OF THE 4TH
Las Vegas 51s batting - Pitching for Iowa Cubs : RHP Nicolai Volnov
Batting: LHB Bill Armijo 0-0: Called Strike
0-1: SINGLE (Groundball, 6S, EV 68.8 MPH) (infield hit)
Batting: RHB Jordan Fairburn 0-0: Ball
1-0: Ball
2-0: Called Strike
2-1: Fly out, F8 (Flyball, 8RM, EV 84.4 MPH)
Batting: RHB Ken Fitzpatrick 0-0: Ball
1-0: Ball
2-0: Fly out, F7 (Flyball, 78D, EV 103.8 MPH)
Batting: RHB Alex Ramirez 0-0: Ground out 2-3 (Groundball, 13S, EV 75.0 MPH)
Bottom of the 4th over - 0 runs, 1 hit, 0 errors, 1 left on base; Iowa 1 - Las Vegas 0
TOP OF THE 5TH
Iowa Cubs batting - Pitching for Las Vegas 51s : LHP Zachary DeVault
Batting: RHB Rich Thurman 0-0: Foul Ball, location: 2F
0-1: SINGLE (Flyball, 8RS, EV 85.6 MPH)
Batting: RHB Adam Kelliher Pickoff Throw to First - Out! 1-3
0-0: Foul Ball, location: 2F
0-1: Swinging Strike
0-2: Ball
1-2: Ground out 5-3 (Groundball, 5L, EV 87.5 MPH)
Batting: SHB Seung-ho Zhang 0-0: Ball
1-0: Foul Ball, location: 2F
1-1: Ball
2-1: Swinging Strike
2-2: Foul Ball, location: 2F
2-2: Ball
3-2: Base on Balls
Batting: RHB Jose Balderrama 0-0: Foul Ball, location: 2F
0-1: Ball
Pickoff Throw to First - Out! 1-3 CS
Top of the 5th over - 0 runs, 1 hit, 0 errors, 0 left on base; Iowa 1 - Las Vegas 0
BOTTOM OF THE 5TH
Las Vegas 51s batting - Pitching for Iowa Cubs : RHP Nicolai Volnov
Batting: SHB Nelson Powell 0-0: Called Strike
0-1: Ball
1-1: Called Strike
1-2: Ball
2-2: Ball
3-2: Ground out 4-3 (Groundball, 4, EV 86.2 MPH)
Batting: LHB Angel Sanchez 0-0: Swinging Strike
0-1: Swinging Strike
0-2: Ball
1-2: Ball
2-2: Strikes out swinging
Batting: RHB Alex Vasquez 0-0: Ground out 5-3 (Groundball, 56S, EV 66.9 MPH)
Bottom of the 5th over - 0 runs, 0 hits, 0 errors, 0 left on base; Iowa 1 - Las Vegas 0
TOP OF THE 6TH
Iowa Cubs batting - Pitching for Las Vegas 51s : LHP Zachary DeVault
Batting: RHB Jose Balderrama 0-0: Ball
1-0: Ball
2-0: Called Strike
2-1: Ball
3-1: Foul Ball, location: 2F
3-2: Foul Ball, location: 2F
3-2: Foul Ball, location: 2F
3-2: Ground out 5-3 (Groundball, 5S, EV 81.2 MPH)
Batting: RHB Francisco Ramirez 0-0: Ground out 4-3 (Groundball, 34, EV 90.6 MPH)
Batting: RHB Sam Sours 0-0: Called Strike
0-1: Ball
1-1: Swinging Strike
1-2: SINGLE (Groundball, 6MD, EV 100.0 MPH)
Batting: RHB Ryan Walker 0-0: Ball
1-0: Called Strike
1-1: Foul Ball, location: 2F
1-2: Ball
Sam Sours is caught stealing 2nd base 2-4
Top of the 6th over - 0 runs, 1 hit, 0 errors, 0 left on base; Iowa 1 - Las Vegas 0
BOTTOM OF THE 6TH
Las Vegas 51s batting - Pitching for Iowa Cubs : RHP Nicolai Volnov
Batting: RHB Josh Jones 0-0: Foul Ball, location: 2F
0-1: DOUBLE (Line Drive, 9LM, EV 93.8 MPH)
Batting: LHB Jose Chavez 0-0: Ground out 2-3 (Groundball, 15S, EV 68.1 MPH)
Josh Jones to third
Batting: LHB Bill Armijo 0-0: Ball
1-0: Swinging Strike
1-1: Ball
2-1: Ball
3-1: Foul Ball, location: 2F
3-2: Strikes out swinging
Batting: RHB Jordan Fairburn 0-0: Fly out, F9 (Line Drive, 89M, EV 93.1 MPH)
Bottom of the 6th over - 0 runs, 1 hit, 0 errors, 1 left on base; Iowa 1 - Las Vegas 0
TOP OF THE 7TH
Iowa Cubs batting - Pitching for Las Vegas 51s : LHP Zachary DeVault
Batting: RHB Ryan Walker 0-0: Called Strike
0-1: Ball
1-1: Ball
2-1: Swinging Strike
2-2: Strikes out swinging
Batting: LHB Barend van der Kamp 0-0: Ball
1-0: Foul Ball, location: 2F
1-1: Ball
2-1: Called Strike
2-2: Ball
3-2: Reached on error, E4 (Groundball, 4M, EV 102.5 MPH)
Pitching: RHP Jason Vulich
Batting: RHB Tony Mendez 0-0: Ball
1-0: 2-RUN HOME RUN (Line Drive, 7D, EV 101.2 MPH), Distance : 375 ft
Batting: RHB Rich Thurman 0-0: Called Strike
0-1: Ball
1-1: Ball
2-1: Ball
3-1: Ground out 5-3 (Groundball, 5, EV 77.5 MPH)
Batting: RHB Adam Kelliher 0-0: Ball
1-0: Foul Ball, location: 2F
1-1: Swinging Strike
1-2: Ball
2-2: Ball
3-2: Base on Balls
Batting: SHB Seung-ho Zhang 0-0: Called Strike
0-1: Ball
1-1: Ball
Adam Kelliher is caught stealing 2nd base 2-6
Top of the 7th over - 2 runs, 1 hit, 1 error, 0 left on base; Iowa 3 - Las Vegas 0
BOTTOM OF THE 7TH
Las Vegas 51s batting - Pitching for Iowa Cubs : RHP Nicolai Volnov
Batting: RHB Ken Fitzpatrick 0-0: Ball
1-0: Called Strike
1-1: Ground out 6-3 (Groundball, 6, EV 92.5 MPH)
Batting: RHB Alex Ramirez 0-0: Ball
1-0: Called Strike
1-1: Foul Ball, location: 2F
1-2: Foul Ball, location: 2F
1-2: Ball
2-2: Strikes out swinging
Batting: SHB Nelson Powell 0-0: Ball
1-0: Swinging Strike
1-1: Foul Ball, location: 2F
1-2: Strikes out swinging
Bottom of the 7th over - 0 runs, 0 hits, 0 errors, 0 left on base; Iowa 3 - Las Vegas 0
TOP OF THE 8TH
Iowa Cubs batting - Pitching for Las Vegas 51s : RHP Jason Vulich
Pitching: RHP Brian Wood
Batting: SHB Seung-ho Zhang 0-0: Ball
1-0: Called Strike
1-1: Swinging Strike
1-2: Foul Ball, location: 2F
1-2: Foul Ball, location: 2F
1-2: Strikes out looking
Batting: RHB Jose Balderrama 0-0: Called Strike
0-1: Ball
1-1: Fly out, F8 (Flyball, 8LD, EV 80.6 MPH)
Batting: RHB Francisco Ramirez 0-0: Called Strike
0-1: Ball
1-1: Ball
2-1: Reached on error, E2 (Groundball, 2R, EV 57.5 MPH)
Batting: RHB Sam Sours 0-0: Called Strike
0-1: Ball
1-1: Ball
2-1: Ball
3-1: Called Strike
3-2: Strikes out swinging
Top of the 8th over - 0 runs, 0 hits, 1 error, 1 left on base; Iowa 3 - Las Vegas 0
BOTTOM OF THE 8TH
Las Vegas 51s batting - Pitching for Iowa Cubs : RHP Nicolai Volnov
Batting: LHB Angel Sanchez 0-0: Ball
1-0: Fly out, F4 (Popup, 3S, EV 87.5 MPH)
Batting: RHB Alex Vasquez 0-0: Ball
1-0: Foul Ball, location: 2F
1-1: Foul Ball, location: 2F
1-2: Ball
2-2: SINGLE (Groundball, 56D, EV 100.0 MPH)
Batting: RHB Josh Jones 0-0: Ball
1-0: Ball
2-0: Swinging Strike
2-1: Fielders Choice at 2nd, 1-6 (Groundball, 34S, EV 68.8 MPH)
Batting: LHB Jose Chavez 0-0: Swinging Strike
0-1: Ball
1-1: Ball
2-1: Called Strike
2-2: Ball
Wild Pitch!
Josh Jones to second
3-2: Strikes out swinging
Bottom of the 8th over - 0 runs, 1 hit, 0 errors, 1 left on base; Iowa 3 - Las Vegas 0
TOP OF THE 9TH
Iowa Cubs batting - Pitching for Las Vegas 51s : RHP Brian Wood
Batting: LHB Mark Ingram 0-0: Ball
1-0: SINGLE (Line Drive, 89M, EV 101.2 MPH)
Batting: LHB Barend van der Kamp 0-0: Ball
1-0: Foul Ball, location: 2F
1-1: SINGLE (Groundball, 34, EV 91.9 MPH) (infield hit)
Mark Ingram to second
Batting: RHB Tony Mendez 0-0: Bunted foul
0-1: Ball
1-1: Bunt missed!
1-2: Ball
2-2: Ball
3-2: Foul Ball, location: 2F
3-2: Base on Balls
Mark Ingram to third
Barend van der Kamp to second
Batting: RHB Rich Thurman 0-0: Ball
1-0: Ball
2-0: Called Strike
2-1: Swinging Strike
2-2: Strikes out swinging
Batting: RHB Adam Kelliher 0-0: Foul Ball, location: 2F
0-1: Ball
1-1: Swinging Strike
1-2: Ball
2-2: Foul Ball, location: 2F
2-2: Ball
3-2: Strikes out swinging
Batting: SHB Seung-ho Zhang 0-0: Foul Ball, location: 2F
0-1: Ground out 6-3 (Groundball, P, EV 91.2 MPH)
Top of the 9th over - 0 runs, 2 hits, 0 errors, 3 left on base; Iowa 3 - Las Vegas 0
BOTTOM OF THE 9TH
Las Vegas 51s batting - Pitching for Iowa Cubs : RHP Nicolai Volnov
Pitching: RHP Josh Ready
Batting: LHB Bill Armijo 0-0: Called Strike
0-1: Ball
1-1: Called Strike
1-2: Strikes out swinging
Batting: RHB Jordan Fairburn 0-0: Ball
1-0: Ball
2-0: Swinging Strike
2-1: Ball
3-1: SINGLE (Flyball, 5D, EV 95.6 MPH)
Batting: RHB Ken Fitzpatrick 0-0: Ball
1-0: Foul Ball, location: 2F
1-1: Grounds into double play, 6-4-3 (Groundball, 6MD, EV 81.2 MPH)
Bottom of the 9th over - 0 runs, 1 hit, 0 errors, 0 left on base; Iowa 3 - Las Vegas 0
Thursday, December 15th , 2022 - OOTP Baseball 23.9 Build 102